 Dungeon Crawl Stone Soup version 0.19-a0-1341-g3513869 (webtiles) character file.

28084 lost the Fencer (level 13, -4/136 HPs)
             Began as a High Elf Berserker on Sept 1, 2016.
             Was the Champion of Trog.
             Slain by a komodo dragon (17 damage)
             ... on level 4 of the Lair of Beasts.
             The game lasted 00:32:43 (17278 turns).

lost the Fencer (High Elf Berserker)               Turns: 17278, Time: 00:32:44

Health: -4/136     AC: 26    Str: 20    XL:     13   Next: 7%
Magic:  13/13      EV:  2    Int: 12    God:    Trog [******]
Gold:   632        SH:  4    Dex: 16    Spells: 1 memorised, 10 levels left

rFire  + . .     SeeInvis .     y - +3 triple sword (elec)
rCold  . . .     Gourm    .     (armour currently unavailable)
rNeg   + + +     Faith    .     (shield currently unavailable)
rPois  +         Spirit   .     (helmet currently unavailable)
rElec  .         Dismiss  .     (cloak currently unavailable)
rCorr  .         Reflect  +     (gloves currently unavailable)
MR     +....     Harm     .     (boots currently unavailable)
Stlth  ++........ NoTele   +    I - +4 amulet of reflection
                                (no ring)
                                L - ring of protection from fire

@: exhausted, tree-form, slowed, very slow
A: (iridescent scales 0), rugged brown scales 1, low mp 1
a: Berserk, Trog's Hand, Brothers in Arms, Burn Spellbooks, Renounce Religion


You were on level 4 of the Lair of Beasts.
You worshipped Trog.
Trog was exalted by your worship.
You were not hungry.
You were a tree.
You visited 3 branches of the dungeon, and saw 17 of its levels.
You also visited: Sewer and Ossuary.

You collected 719 gold pieces.
You spent 87 gold pieces at shops.

Inventory:

Hand Weapons
 f - the +1 dagger of the Extremes {pierce, rF++ MR+}
   (You found it on level 9 of the Dungeon)

   It inflicts extra damage upon your enemies.
   It greatly protects you from fire.
   It affects your resistance to hostile enchantments.
 x - a +1 falchion of venom
 y - a +3 triple sword of electrocution (weapon)
Armour
 q - a +2 pair of gloves (melded)
 u - a +1 helmet (melded)
 E - a +0 plate armour
 M - a +1 chain mail of fire resistance (melded)
Rods
 C - a +0 lightning rod (9/9)
   (You found it on level 8 of the Dungeon)
Jewellery
 i - an uncursed ring of flight
 F - the ring of Wosanikk {Fire +Inv rN+ MR+++ Dex-5}
   (You found it on level 8 of the Dungeon)

   [ring of fire]

   It enhances your fire magic.
   It affects your dexterity (-5).
   It protects you from fire.
   It makes you vulnerable to cold.
   It protects you from negative energy.
   It affects your resistance to hostile enchantments.
   It lets you turn invisible.
 I - a +4 amulet of reflection (around neck)
 L - a ring of protection from fire (left branch)
 N - the amulet of the Air {Inacc +Fly rElec EV+5 RMsl}
   (You found it on level 12 of the Dungeon)

   [amulet of inaccuracy]

   It reduces the accuracy of all your attacks.
   It affects your evasion (+5).
   It insulates you from electricity.
   It lets you fly.
   It protects you from missiles.
Wands
 r - a wand of lightning (3/15)
 w - a wand of random effects (27/48)
 B - a wand of lightning (2/15)
 D - a wand of acid (5/15)
 H - a wand of disintegration (2/24)
 K - a wand of confusion (28/48)
Scrolls
 b - 2 scrolls of vulnerability
 d - a scroll of immolation
 e - 2 scrolls of teleportation
 h - 3 scrolls of recharging
 l - 2 scrolls of remove curse
 m - 4 scrolls of amnesia
 p - 2 scrolls of identify
 J - a scroll of enchant armour
Potions
 a - a potion of ambrosia
 g - a potion of magic
 j - a potion of lignification
 o - 2 potions of cancellation
 s - a potion of degeneration
 z - 2 potions of brilliance
 A - 2 potions of flight
Comestibles
 c - 8 bread rations
 k - 2 meat rations
 t - 10 fruits
 v - 8 royal jellies


   Skills:
 + Level 8.7 Fighting
 * Level 20.2 Long Blades
 + Level 6.9 Armour
 + Level 7.3 Dodging
 - Level 1.1 Evocations


You had 10 spell levels left.
You knew the following spells:

 Your Spells              Type           Power        Failure   Level  Hunger
a - Blink                 Tloc           N/A          52%         2    ###....


Dungeon Overview and Level Annotations

Branches:
Dungeon (12/15)            Temple (0/1) D:5            Lair (4/6) D:8
    Orc (1/2) D:12
  Swamp: Lair:2-4    Shoals: Lair:2-4     Snake: Lair:2-4    Spider: Lair:2-4

Altars:
Fedhas
Gozag
Hepliaklqana
Kikubaaqudgha
Okawaru
Ru
Yredelemnul
The Shining One

Shops:
D:4 (   D:5 *


Innate Abilities, Weirdness & Mutations

((You are partially covered in iridescent scales. (AC +2)))
(You are partially covered in rugged brown scales. (AC +1, +3% HP))
Your magical capacity is low. (-10% MP)


Message History

Trog accepts your kill.
Your surroundings suddenly seem different.
A komodo dragon comes into view.
The komodo dragon hisses angrily.
Unknown command.
Unknown command.
Evoke which item? (* to show all) (? for menu, Esc to quit)
Zapping:
H - a wand of disintegration (3/24)
Press: ? - help, Shift-Dir - straight line, f - komodo dragon
Aim: a komodo dragon (chance to defeat MR: 50%)
The komodo dragon is blasted.
This wand has 2 charges left.
The komodo dragon bites you!
* * * LOW HITPOINT WARNING * * *
Unknown command.
You turn into a tree.
Your +1 helmet melds into your body.
Your +2 pair of gloves melds into your body.
Your +1 chain mail of fire resistance melds into your body.
You feel less resistant to fire.
Your roots penetrate the ground.
The komodo dragon bites you!
You die...

.#
#######..
#...#....
.........
##........
#♣l#......
##........
#........
#........
......###
#.....##
#......#
##.....
#P#....#
#...... ##
#....
.......


You could see a komodo dragon.

Vanquished Creatures
  The ghost of azzavlup the Fighter, a journeyman DrWz of Ashenzari (Lair:1)
  A hydra (Lair:1)
  A death knight (D:12)
  A tengu warrior (D:12)
  2 deep elf knights (D:12)
  A wizard (D:12)
  Pikel (D:7)
  The ghost of dorian the Carver, a novice HESk of Okawaru (D:8)
  A hill giant (D:12)
  A deep elf mage (D:10)
  3 ugly things
  3 cyclopes
  Joseph (D:8)
  5 spiny frogs
  A komodo dragon (Lair:1)
  A queen bee (D:9)
  3 trolls
  A meliai (D:12)
  Grinder (D:5)
  3 two-headed ogres
  8 blink frogs
  A shadow (D:11)
  28 yaks
  4 basilisks
  A human (D:7)
  2 hill giant zombies (D:12)
  2 hippogriffs
  3 hogs (D:7)
  A hungry ghost (D:8)
  Menkaure (D:7)
  6 porcupines
  4 water moccasins
  2 orc warriors
  A slave (D:7)
  2 wasps
  2 black bears
  4 phantoms
  2 ogres
  2 sky beasts
  A necrophage (D:5)
  5 wolves (Lair:1)
  3 crocodiles
  3 centaurs
  Blork the orc (D:4)
  2 elf zombies (Ossuary)
  3 big kobolds
  The ghost of Xiguana the Vexing, an amateur SpAM (Sewer)
  10 giant frogs
  A wyvern skeleton (D:11)
  6 scorpions
  35 killer bees
  6 wights
  The ghost of JustSomeDude the Skirmisher, a weakling DsFi (D:3)
  3 crimson imps
  2 giant frog zombies
  2 centaur zombies
  A quasit (D:10)
  6 hounds
  2 human zombies (Ossuary)
  A giant frog skeleton (D:6)
  6 iguanas
  3 jellies
  4 orc priests
  10 orc wizards
  3 worker ants
  A killer bee zombie (D:7)
  A big kobold zombie (Ossuary)
  6 ogre zombies (D:12)
  2 mummies (Ossuary)
  A howler monkey zombie (D:10)
  2 worker ant zombies
  14 gnolls
  A howler monkey skeleton (D:8)
  8 adders
  19 river rats
  A shadow imp (D:8)
  2 oozes (Sewer)
  5 worms
  An adder zombie (Ossuary)
  A dart slug (D:1)
  2 giant geckos
  45 orcs
  3 ball pythons
  5 bats
  11 giant cockroaches
  10 goblins
  4 hobgoblins
  11 jackals
  22 kobolds
  3 quokkas
  2 giant gecko zombies
  9 giant newts
  6 goblin zombies
  A hobgoblin skeleton (D:12)
  12 hobgoblin zombies
  2 jackal zombies (Ossuary)
  12 kobold zombies (Ossuary)
  2 orc skeletons (D:12)
  19 orc zombies
  A quokka zombie (D:5)
  10 rats
  A rat zombie (Ossuary)
488 creatures vanquished.

Vanquished Creatures (others)
  A slave (D:10)
  A giant frog (D:7)
  A centaur zombie (D:7)
  A worker ant zombie (D:7)
  2 orcs (D:10)
  2 fungi
  A plant (Lair:3)
9 creatures vanquished.

Grand Total: 497 creatures vanquished

Notes
Turn   | Place    | Note
-------+----------+-------------------------------------------
     0 | D:1      | lost the High Elf Berserker began the quest for the Orb.
     0 | D:1      | Reached XP level 1. HP: 16/16 MP: 2/2
   617 | D:1      | Reached skill level 4 in Long Blades
   617 | D:1      | Reached XP level 2. HP: 18/21 MP: 3/3
   977 | D:2      | Reached XP level 3. HP: 26/26 MP: 4/4
  1340 | D:2      | Reached ** piety under Trog
  1840 | D:3      | Reached XP level 4. HP: 23/31 MP: 5/5
  2178 | D:3      | Noticed JustSomeDude's ghost (weakling DsFi)
  2185 | D:3      | Killed JustSomeDude's ghost
  2185 | D:3      | Reached skill level 5 in Long Blades
  2267 | D:3      | Reached XP level 5. HP: 20/37 MP: 6/6
  2870 | D:3      | Reached *** piety under Trog
  3151 | D:4      | Reached XP level 6. HP: 43/43 MP: 7/7
  3186 | D:4      | Reached skill level 6 in Long Blades
  3301 | D:4      | Noticed Blork the orc
  3315 | D:4      | Killed Blork the orc
  3525 | D:4      | Found Peylem's Antique Weapon Shop.
  3537 | D:4      | Bought a runed falchion for 87 gold pieces
  3839 | D:4      | Reached skill level 5 in Dodging
  4146 | D:5      | Entered Level 5 of the Dungeon
  4150 | D:5      | Reached skill level 7 in Long Blades
  4150 | D:5      | Reached XP level 7. HP: 46/48 MP: 8/8
  4269 | D:5      | Found a sand-covered staircase.
  4275 | Ossuary  | Entered an ossuary
  4293 | Ossuary  | Reached **** piety under Trog
  4410 | Ossuary  | Reached skill level 8 in Long Blades
  4731 | Ossuary  | Reached skill level 5 in Fighting
  4734 | Ossuary  | Reached XP level 8. HP: 46/55 MP: 9/9
  4879 | D:5      | Found a hazy altar of Hepliaklqana.
  4902 | D:5      | Reached skill level 9 in Long Blades
  4976 | D:5      | Found a staircase to the Ecumenical Temple.
  4980 | D:5      | Noticed Grinder
  4991 | D:5      | Killed Grinder
  5075 | D:5      | Found a sacrificial altar of Ru.
  5291 | D:5      | Found Gozag's Platinum Reserve.
  5330 | D:5      | Found an opulent altar of Gozag.
  5401 | D:5      | Reached ***** piety under Trog
  5662 | D:6      | Reached skill level 10 in Long Blades
  6104 | D:6      | Reached XP level 9. HP: 58/62 MP: 10/10
  6210 | D:6      | Found a glowing drain.
  6218 | Sewer    | Entered a sewer
  6230 | Sewer    | Noticed Xiguana's ghost (amateur SpAM)
  6241 | Sewer    | Killed Xiguana's ghost
  6479 | Sewer    | Received a gift from Trog
  6479 | Sewer    | Reached skill level 11 in Long Blades
  6892 | D:7      | Noticed Menkaure
  6900 | D:7      | Killed Menkaure
  6939 | D:7      | Reached skill level 12 in Long Blades
  6957 | D:7      | Noticed Pikel
  6975 | D:7      | Killed Pikel
  7278 | D:7      | Reached XP level 10. HP: 69/69 MP: 11/11
  7455 | D:8      | Found a staircase to the Lair.
  7457 | D:8      | Got a brightly glowing amber ring
  7460 | D:8      | Identified the ring of Wosanikk {Fire +Inv rN+ MR+++ Dex-5} (You found it on level 8 of the Dungeon)
  7515 | D:8      | Noticed dorian's ghost (novice HESk)
  7536 | D:8      | Killed dorian's ghost
  7536 | D:8      | Reached skill level 13 in Long Blades
  7536 | D:8      | Reached skill level 5 in Armour
  8052 | D:8      | Found a basalt altar of Yredelemnul.
  8055 | D:8      | Found an ancient bone altar of Kikubaaqudgha.
  8058 | D:8      | Found an iron altar of Okawaru.
  8070 | D:8      | Found a hazy altar of Hepliaklqana.
  8262 | D:8      | Noticed Joseph
  8273 | D:8      | Killed Joseph
  8440 | D:8      | Found a blossoming altar of Fedhas.
  8841 | D:9      | Got a jewelled dagger
  9065 | D:9      | Identified the +1 dagger of the Extremes {pierce, rF++ MR+} (You found it on level 9 of the Dungeon)
  9292 | D:9      | Reached skill level 14 in Long Blades
  9315 | D:9      | Received a gift from Trog
  9362 | D:9      | Found a glowing golden altar of the Shining One.
  9453 | D:9      | Reached skill level 1 in Evocations
  9842 | D:10     | Entered Level 10 of the Dungeon
  9866 | D:10     | Was placed under penance by Trog
  9869 | D:10     | Learned a level 2 spell: Blink
  9879 | D:10     | Reached XP level 11. HP: 66/77 MP: 12/12
  9984 | D:10     | Reached skill level 15 in Long Blades
 10461 | D:10     | Found an opulent altar of Gozag.
 10463 | D:10     | Noticed a deep elf mage
 10470 | D:10     | Killed a deep elf mage
 10827 | D:11     | Was forgiven by Trog
 11089 | D:11     | Noticed a white ugly thing
 11096 | D:11     | Killed a white ugly thing
 11096 | D:11     | Reached skill level 16 in Long Blades
 12478 | D:12     | Reached skill level 17 in Long Blades
 12587 | D:12     | Found a staircase to the Orcish Mines.
 12926 | D:12     | Noticed a death knight
 12926 | D:12     | Noticed a brown ugly thing
 12927 | D:12     | Noticed a cyan ugly thing
 12932 | D:12     | Killed a brown ugly thing
 12934 | D:12     | Noticed a hill giant
 12939 | D:12     | Killed a death knight
 12943 | D:12     | Killed a cyan ugly thing
 12943 | D:12     | Reached XP level 12. HP: 61/82 MP: 13/13
 12955 | D:12     | Reached skill level 18 in Long Blades
 13349 | D:12     | Noticed a tengu warrior
 13352 | D:12     | Killed a tengu warrior
 13352 | D:12     | Reached ****** piety under Trog
 13748 | D:12     | Reached skill level 19 in Long Blades
 13883 | Orc:1    | Entered Level 1 of the Orcish Mines
 14186 | Lair:1   | Entered Level 1 of the Lair of Beasts
 14280 | Lair:1   | Noticed azzavlup's ghost (journeyman DrWz)
 15128 | Lair:1   | Gained mutation: You are partially covered in iridescent scales. (AC +2) [potion of mutation]
 15128 | Lair:1   | Gained mutation: Your magical capacity is low. (-10% MP) [potion of mutation]
 15128 | Lair:1   | Gained mutation: You are partially covered in rugged brown scales. (AC +1, +3% HP) [potion of mutation]
 15201 | Lair:1   | Received a gift from Trog
 15250 | Lair:1   | Noticed a six-headed hydra
 15262 | Lair:1   | Killed a ten-headed hydra
 15398 | Lair:1   | Killed azzavlup's ghost
 15824 | Lair:2   | Reached skill level 20 in Long Blades
 16605 | Lair:2   | Reached XP level 13. HP: 91/91 MP: 13/13
 17278 | Lair:4   | Slain by a komodo dragon

Vault maps used:
D:1:      minmay_arrival_checkered_box
D:2:      first_bread
D:4:      serial_shops, nicolae_shop_overgrown_old_shop, serial_bayou_crossing,
          uniq_blork_the_orc
D:5:      hangedman_ru_absence, basic_altar, nicolae_ossuary_entry_plus,
          nicolae_gozag_zags_fifth_avenue, uniq_grinder
D:6:      portal_sewer_entry_e
D:7:      grunt_livestock, uniq_menkaure, uniq_pikel
D:8:      kennysheep_mini_moat, grunt_temple_overflow_cloverleaf, lair_0_dummy,
          uniq_joseph
D:9:      basic_altar, special_room
D:10:     basic_altar
D:12:     minmay_stepped, zombieorc2_lemuel
Lair:1:   special_room, beast_lair_carwin_10, grunt_megastairs_2
Lair:2:   grunt_megastairs_3, lemuel_fruit_tree
Lair:3:   statuecave_lemuel, lemuel_centaur_altar
Lair:4:   swamp_mist_pool, spider_nest_entry_rubble, lab_entry_generic,
          guppyfry_lair_drakes
Orc:1:    uniq_josephine, uniq_urug
Sewer:    kennysheep_pipe_town
Ossuary:  ossuary_tomb_1

Skill      XL: |  1  2  3  4  5  6  7  8  9 10 11 12 |
---------------+-------------------------------------+-----
Long Blades    | 4 5 7 8 10 12 14 17 20 | 20.2
Dodging        | 3 4 5 6 7 |  7.3
Armour         | 2 3 4 6 |  6.9
Fighting       | 4 5 6 8 |  8.7
Evocations     | 1 |  1.1

Action                   |  1- 3 |  4- 6 |  7- 9 | 10-12 | 13-15 || total
-------------------------+-------+-------+-------+-------+-------++-------
Melee: Falchion          |   112 |   261 |   548 |   174 |       ||  1095
       Scimitar          |       |       |    51 |   151 |       ||   202
       Triple sword      |       |       |       |   523 |    42 ||   565
Invok: Berserk           |     2 |     6 |     7 |     9 |     1 ||    25
       Burn Spellbooks   |       |       |     1 |     2 |       ||     3
       Brothers in Arms  |       |       |       |     1 |       ||     1
Evoke: Wand              |       |       |       |    14 |     2 ||    16
       Rod               |       |       |       |     1 |       ||     1
  Use: Scroll            |       |     4 |    14 |    14 |     2 ||    34
       Potion            |       |       |     2 |    22 |     1 ||    25
 Stab: Distracted        |     1 |     1 |       |       |       ||     2
  Eat: Chunk             |     4 |    12 |     8 |     4 |       ||    28
       Beef jerky        |       |     1 |     1 |     2 |       ||     4
       Fruit             |       |       |     3 |       |       ||     3
       Bread ration      |       |       |     1 |       |       ||     1
       Pizza             |       |       |     2 |     7 |       ||     9
       Meat ration       |       |       |       |     3 |       ||     3
       Royal jelly       |       |       |       |     6 |     2 ||     8
Armor: Animal skin       |     9 |     8 |       |       |       ||    17
       Ring mail         |       |    39 |     5 |       |       ||    44
       Chain mail        |       |       |   192 |    84 |    39 ||   315
       Plate armour      |       |       |    25 |   270 |       ||   295
       Skin              |       |       |    18 |    37 |       ||    55
Dodge: Dodged            |    62 |   127 |   213 |   324 |    21 ||   747
Block: Other             |       |       |       |    97 |     5 ||   102
